 Dungeon Crawl Stone Soup version 0.17-a0-2027-gcac42c4 (webtiles) character file.

9698 st0uf the Thaumaturge (level 11, -4/72 (74) HPs)
             Began as a Pale Draconian Conjurer on Oct 11, 2015.
             Was a Believer of Ashenzari.
             Killed by divine providence
             ... invoked by an orc priest
              (12 damage)
             ... on level 9 of the Dungeon.
             The game lasted 01:43:22 (13013 turns).

st0uf the Thaumaturge (Pale Draconian Conjurer)    Turns: 13013, Time: 01:43:27

HP:   -4/72 (74)    AC:  9    Str: 11      XL:     11   Next: 26%
MP:   26/29         EV: 12    Int: 20 (21) God:    Ashenzari [**....]
Gold: 434           SH:  0    Dex:  9      Spells: 5 memorised, 20 levels left

rFire  . . .     SeeInvis .     n - +4 spear (curse)
rCold  . . .     Clarity  .     (armour unavailable)
rNeg   . . .     SustAt   .     (no shield)
rPois  .         Gourm    +     g - +2 hat
rElec  .         Spirit   .     (no cloak)
rCorr  .         Warding  .     (no gloves)
rMut   .         Stasis   .     (no boots)
MR     .....                    l - amulet of the gourmand
Stlth  +.........               (no ring)
                                (no ring)

@: not resistant to hostile enchantments, very unstealthy
A: breathe steam, unfitting armour, talons 2, clever 1, clumsy 1, deterioration
1, high mp 1, mutation resistance 1, screaming 1, wild magic 1, cold-blooded, AC
+7
a: Breathe Steam, Scrying, Renounce Religion


You were on level 9 of the Dungeon.
You worshipped Ashenzari.
Ashenzari was pleased with you.
You were hungry.

You visited 1 branch of the dungeon, and saw 10 of its levels.
You also visited: Sewer.

You collected 434 gold pieces.

Inventory:

Hand Weapons
 n - a cursed +4 spear (weapon)
Armour
 g - a +2 hat (worn)
 s - a +0 buckler
Jewellery
 c - a cursed amulet of inaccuracy
 l - an amulet of the gourmand (around neck)
 I - a cursed ring of teleportation
Wands
 y - a wand of enslavement (16)
 z - a wand of digging (15)
 S - a wand of lightning (11)
Scrolls
 d - 2 scrolls of curse jewellery
 j - 4 scrolls of teleportation
 m - 3 scrolls of enchant armour
 o - 2 scrolls of noise {unknown}
 p - a scroll of magic mapping {unknown}
 t - a scroll of random uselessness {unknown}
 v - 2 scrolls of amnesia {unknown}
 D - 2 scrolls of curse armour
 E - a scroll of curse weapon
 F - 4 scrolls of remove curse
 G - a scroll of vulnerability {unknown}
 H - a scroll of fog {unknown}
 P - a scroll of fear {unknown}
 Q - a scroll of identify
Potions
 e - 3 potions of flight
 h - a potion of lignification
 i - 4 potions of curing
 k - a potion of haste {unknown}
 r - a potion of invisibility
 w - 2 potions of heal wounds
 x - 2 potions of agility
 A - a potion of might
 L - 2 potions of poison
 M - a potion of cure mutation {unknown}
 N - 2 potions of berserk rage {unknown}
Books
 a - a book of Conjurations

   Spells                             Type                      Level
   a - Magic Dart                     Conjuration                  1
   b - Searing Ray                    Conjuration                  2
   c - Dazzling Spray                 Conjuration/Hexes            3
   d - Fulminant Prism                Conjuration/Hexes            4
   e - Iskenderun's Mystic Blast      Conjuration                  4
   f - Iskenderun's Battlesphere      Conjuration/Charms           5
 B - the Incunabulum of Execration
   (You found it on level 6 of the Dungeon)

   Spells                             Type                      Level
   a - Dazzling Spray                 Conjuration/Hexes            3
   b - Gell's Gravitas                Hexes/Translocation          3
   c - Summon Guardian Golem          Hexes/Summoning              3
   d - Silence                        Hexes/Air                    5
 C - a book of Clouds

   Spells                             Type                      Level
   a - Mephitic Cloud                 Conjuration/Poison/Air       3
   b - Conjure Flame                  Conjuration/Fire             3
   c - Poisonous Cloud                Conjuration/Poison/Air       6
   d - Freezing Cloud                 Conjuration/Ice/Air          6
   e - Ring of Flames                 Charms/Fire                  7
 J - a book of Changes

   Spells                             Type                      Level
   a - Beastly Appendage              Transmutation                1
   b - Sticks to Snakes               Transmutation                2
   c - Spider Form                    Transmutation/Poison         3
   d - Ice Form                       Ice/Transmutation            4
   e - Blade Hands                    Transmutation                5
 R - a book of Ice

   Spells                             Type                      Level
   a - Ice Form                       Ice/Transmutation            4
   b - Metabolic Englaciation         Hexes/Ice                    5
   c - Ozocubu's Refrigeration        Ice                          6
   d - Bolt of Cold                   Conjuration/Ice              6
   e - Freezing Cloud                 Conjuration/Ice/Air          6
   f - Simulacrum                     Ice/Necromancy               6
Comestibles
 b - 4 bread rations
 f - 7 meat rations
 q - 3 royal jellies
 u - 5 fruits


   Skills:
 + Level 2.2 Dodging
 - Level 1.7 Stealth
 + Level 1.3 Shields
 * Level 11.6 Spellcasting
 - Level 11.2 Conjurations
 - Level 4.5 Air Magic
 - Level 4.0 Poison Magic


You had 20 spell levels left.
You knew the following spells:

 Your Spells              Type           Power        Failure   Level  Hunger
a - Magic Dart            Conj           ####         1%          1    None
b - Searing Ray           Conj           ######       1%          2    None
c - Iskenderun's Mystic   Conj           ######..     3%          4    #......
d - Conjure Flame         Conj/Fire      ######..     4%          3    None
e - Mephitic Cloud        Conj/Pois/Air  ######..     4%          3    None


Dungeon Overview and Level Annotations

Branches:
Dungeon (10/15)            Temple (0/1) D:6
   Lair: D:8-11         Orc: D:9-12

Altars:
Ashenzari
Cheibriados
Qazlal
Ru
Trog
Vehumet
Yredelemnul

Shops:
D:5 *

Annotations:
D:3 pk666's ghost, amateur DEWz


Innate Abilities, Weirdness & Mutations

You can breathe blasts of scalding, opaque steam.
Your pale cyan-grey scales are hard (AC +7).
Your body does not fit into most forms of armour.
You are cold-blooded and may be slowed by cold attacks.
You have razor-sharp toenails.
Your mind is acute. (Int +2)
You are clumsy. (Dex -2)
Your body sometimes deteriorates upon taking damage.
You have an increased reservoir of magic (+10% MP).
You are somewhat resistant to further mutation.
You occasionally shout uncontrollably at your foes.
Your spells are a little harder to cast, but a little more powerful.


Message History

* * * LOW HITPOINT WARNING * * *
Casting: Searing Ray
Confirm with . or Enter, or press ? or * to list all spells.
Aiming: Searing Ray
Press: ? - help, Shift-Dir - straight line, f - jackal
Aim: a jackal The searing ray hits the jackal.
The jackal is heavily wounded.
The jackal barely misses you.
The searing ray hits the jackal.
You kill the jackal!
Two slime creatures merge to form a large slime creature.
There is a stone staircase leading up here.
You climb upwards.
The orc wizard shouts!
An orc priest and 2 orc wizards come into view.
The orc priest shouts!
The orc wizard shouts!
The orc wizard shouts!
The orc priest invokes the aid of Beogh against you.
Something smites you!
You die...

#### ...# ...## ####
....# ###..###
....##############
###......##
.....#.##......o.###
#.........#
..###..##..........##
##.......##
#####.####.........o#
#.......# #..#
#o.....@...##
##.....## ##.##
##..........##
#.....# #.##
#...........####...##
##.#
##.......o....###.)#
#.##
##........##..##..#
##.#
##......####.....#
#.## ##..#### ###...#
#.# #### #######.##
.## ###.)......#


You could see an orc priest and 3 orc wizards.

Vanquished Creatures
  Erica (D:8)
  The ghost of graki42 the Changer, a novice NaTm of Cheibriados (D:7)
  A hill giant (D:9)
  2 slime creatures (D:10)
  Prince Ribbit (D:5)
  6 yaks (D:9)
  Sigmund (D:5)
  3 hungry ghosts
  A hippogriff (D:7)
  2 deep elf magi
  Edmund (D:5)
  Duvessa (D:6)
  An ice beast (D:6)
  6 necrophages
  2 phantoms
  3 black bears
  5 sky beasts
  An orc warrior (D:6)
  5 ogres
  3 centaurs
  A crocodile (D:9)
  A big kobold (Sewer)
  5 giant frogs
  A gnoll sergeant (D:7)
  7 scorpions
  Dowan (D:6)
  A water moccasin skeleton (D:6)
  5 killer bees (D:8)
  11 wights
  6 crimson imps
  A jelly (D:8)
  4 orc priests
  A quasit (D:8)
  A centaur skeleton (D:6)
  6 orc wizards
  5 worker ants
  3 giant frog skeletons
  4 iguanas
  6 hounds
  A hound skeleton (D:9)
  13 gnolls
  8 adders
  3 river rats
  3 shadow imps
  An ooze (D:6)
  An adder skeleton (D:7)
  3 worms
  6 giant geckos
  25 orcs
  A ball python (D:3)
  6 bats
  7 giant cockroaches
  6 hobgoblins
  21 jackals
  9 kobolds
  A giant gecko skeleton (D:6)
  3 giant newts
  6 goblins
  4 quokkas
  3 quokka skeletons
  3 rats
251 creatures vanquished.

Vanquished Creatures (others)
  A plant (D:7)
1 creature vanquished.

Grand Total: 252 creatures vanquished

Notes
Turn   | Place    | Note
--------------------------------------------------------------
     0 | D:1      | st0uf the Draconian Conjurer began the quest for the Orb.
     0 | D:1      | Reached XP level 1. HP: 14/14 MP: 3/3
   953 | D:1      | Reached XP level 2. HP: 20/20 MP: 1/5
  1641 | D:2      | Found a radiant altar of Vehumet.
  1691 | D:2      | Found a basalt altar of Yredelemnul.
  1952 | D:2      | Reached XP level 3. HP: 26/26 MP: 2/6
  2889 | D:3      | Reached XP level 4. HP: 20/33 MP: 0/8
  2998 | D:3      | Reached skill level 5 in Conjurations
  3271 | D:3      | Found a shattered altar of Ashenzari.
  3282 | D:3      | Became a worshipper of Ashenzari the Shackled
  3444 | D:3      | Found a glowing drain.
  3448 | Sewer    | Entered a sewer
  3751 | Sewer    | Noticed a big kobold
  3768 | Sewer    | Killed a big kobold
  3768 | Sewer    | Reached XP level 5. HP: 38/38 MP: 0/10
  3873 | Sewer    | Found a white marble altar of Elyvilon.
  4088 | D:3      | Noticed pk666's ghost (amateur DEWz)
  4273 | D:2      | Learned a level 2 spell: Searing Ray
  4278 | D:2      | Learned a level 4 spell: Iskenderun's Mystic Blast
  4596 | D:4      | Noticed an ogre
  4612 | D:4      | Killed an ogre
  4612 | D:4      | Reached skill level 6 in Conjurations
  4612 | D:4      | Reached XP level 6. HP: 16/45 MP: 3/12
  4813 | D:4      | Noticed a phantom
  4829 | D:4      | Killed a phantom
  5042 | D:4      | Reached skill level 5 in Spellcasting
  5128 | D:4      | Noticed an ogre
  5151 | D:4      | Your scales start taking on a pale cyan-grey colour.
  5151 | D:4      | Reached XP level 7. HP: 46/50 MP: 6/14
  5358 | D:4      | Noticed a fire elemental
  5360 | D:4      | Found a stormy altar of Qazlal.
  5361 | D:4      | Noticed a water elemental
  5361 | D:4      | Noticed an air elemental
  5361 | D:4      | Noticed an ogre
  5369 | D:4      | Killed an ogre
  5369 | D:4      | Reached skill level 7 in Conjurations
  5371 | D:4      | Noticed a sky beast
  5375 | D:4      | Killed a sky beast
  5385 | D:4      | Gained mutation: You have sharp toenails. [mutagenic meat]
  5387 | D:4      | Gained mutation: You have razor-sharp toenails. [mutagenic meat]
  5388 | D:4      | Gained mutation: Your spells are a little harder to cast, but a little more powerful. [mutagenic meat]
  5389 | D:4      | Gained mutation: You occasionally shout uncontrollably at your foes. [mutagenic meat]
  5390 | D:4      | Gained mutation: You have an increased reservoir of magic (+10% MP). [mutagenic meat]
  5688 | D:4      | Noticed an ogre
  5715 | D:4      | Killed an ogre
  5896 | D:4      | Reached XP level 8. HP: 57/57 MP: 12/19
  5915 | D:4      | Killed an ogre
  6210 | D:5      | Entered Level 5 of the Dungeon
  6276 | D:4      | Reached skill level 8 in Conjurations
  6280 | D:4      | Gained mutation: Your body sometimes deteriorates upon taking damage. [mutagenic meat]
  6281 | D:4      | Gained mutation: You are clumsy. (Dex -2) [mutagenic meat]
  6282 | D:4      | Gained mutation: Your mind is acute. (Int +2) [mutagenic meat]
  6284 | D:4      | Gained mutation: You are somewhat resistant to further mutation. [mutagenic meat]
  6345 | D:5      | Noticed Sigmund
  6597 | D:5      | Found Zuof's Elemental Accessories.
  6621 | D:5      | Killed Sigmund
  6716 | D:5      | Noticed Edmund
  6718 | D:5      | Noticed Prince Ribbit
  6731 | D:5      | Killed Edmund
  7121 | D:5      | Killed Prince Ribbit
  7121 | D:5      | Reached skill level 9 in Conjurations
  7354 | D:6      | Found a staircase to the Ecumenical Temple.
  7363 | D:6      | Reached XP level 9. HP: 57/62 MP: 13/23
  7913 | D:6      | Found a shattered altar of Ashenzari.
  8124 | D:6      | Identified the Incunabulum of Execration
  8216 | D:6      | Noticed Dowan
  8218 | D:6      | Noticed Duvessa
  8227 | D:6      | Killed Dowan
  8254 | D:6      | Killed Duvessa
  8254 | D:6      | Reached skill level 10 in Conjurations
  8336 | D:6      | Acquired Ashenzari's first power
  8438 | D:6      | Found a sacrificial altar of Ru.
  8564 | D:7      | Found a snail-covered altar of Cheibriados.
  8784 | D:7      | Noticed graki42's ghost (novice NaTm)
  8821 | D:7      | Killed graki42's ghost
  9130 | D:7      | Reached XP level 10. HP: 49/67 MP: 13/26
  9243 | D:7      | Reached skill level 11 in Conjurations
  9348 | D:7      | Found a shattered altar of Ashenzari.
  9499 | D:7      | Learned a level 3 spell: Conjure Flame
  9503 | D:7      | Learned a level 3 spell: Mephitic Cloud
  9548 | D:7      | Reached skill level 10 in Spellcasting
  9712 | D:7      | Reached skill level 1 in Poison Magic
  9746 | D:7      | Reached skill level 1 in Air Magic
 10774 | D:8      | Noticed Erica
 10785 | D:8      | Killed Erica
 11706 | D:9      | Found a bloodstained altar of Trog.
 11806 | D:9      | Noticed a hill giant
 11824 | D:9      | Killed a hill giant
 11824 | D:9      | Reached XP level 11. HP: 55/72 MP: 15/28
 11919 | D:9      | Acquired Ashenzari's second power
 12683 | D:10     | Entered Level 10 of the Dungeon
 12968 | D:10     | Reached skill level 1 in Shields
 12974 | D:10     | HP: 1/72 [slime creature (9)]
 13013 | D:9      | Killed from afar by an orc priest

Vault maps used:
D:1:      dpeg_arrival_orchard, serial_co_window_serial,
          co_window_of_opportunity_a, co_window_of_opportunity_a,
          co_window_paths_a, co_window_of_opportunity_a, co_window_paths_a,
          co_window_paths_b, co_window_of_opportunity_a,
          co_window_unsneaky_path_a, co_window_of_opportunity_c,
          co_window_paths_c, co_window_unsneaky_path_d, co_window_paths_c,
          co_window_of_opportunity_c, co_window_broadway_c, minmay_statues_item
D:2:      grunt_temple_overflow_open
D:3:      cheibrodos_ashenzari_chains, gup_sewer_entry_bowl, first_bread,
          minmay_misc_feat_nine_boxes
D:4:      nicolae_qazlal_style_of_elements
D:5:      nicolae_elemental_shop, uniq_edmund, uniq_sigmund, uniq_prince_ribbit1
D:6:      nicolae_ru_path_of_blood, temple_fountains, basic_altar,
          grunt_decor_resistance, kennysheep_generic_room_9, uniq_duvessa
D:7:      black_bear_nest_2, cheibriados_altar_1, basic_altar, serial_undead,
          serial_undead_d, serial_undead_a, serial_undead_c, serial_undead_c
D:8:      uniq_erica
D:9:      nicolae_overflow_crystal_walls
D:10:     david_orc_2
Sewer:    sewer_kobolds

Action                   |  1- 3 |  4- 6 |  7- 9 | 10-12 || total
-------------------------+-------+-------+-------+-------++-------
Melee: Unarmed           |    15 |       |       |       ||    15
       Spear             |       |    44 |    46 |    41 ||   131
 Cast: Magic Dart        |   100 |    68 |   120 |    89 ||   377
       Searing Ray       |       |    13 |    50 |    65 ||   128
       Iskenderun's Myst |       |       |    10 |     3 ||    13
       Mephitic Cloud    |       |       |       |    13 ||    13
       Conjure Flame     |       |       |       |    12 ||    12
 Abil: Breathe Steam     |       |       |    16 |     5 ||    21
  Use: Potion            |       |     1 |       |     1 ||     2
       Scroll            |       |       |     6 |     4 ||    10
 Stab: Sleeping          |       |     1 |       |       ||     1
  Eat: Chunk             |     6 |     8 |    33 |    17 ||    64
       Fruit             |     2 |       |     1 |       ||     3
       Pizza             |       |       |       |     1 ||     1
       Beef jerky        |       |       |       |     1 ||     1
